 Dungeon Crawl Stone Soup version 0.31-a0-833-gc15d34cb79 (webtiles) character file.

Game seed: 16456448096971120332

542 Kurtz the Chopper (level 7, -1/46 HPs)
             Began as an Octopode Fighter on Sept 25, 2023.
             Was a Follower of Makhleb.
             Slain by a gnoll
             ... wielding a +0 flail
              (8 damage)
             ... on level 5 of the Dungeon.
             The game lasted 00:04:55 (4718 turns).

Kurtz the Chopper (Octopode Fighter)                Turns: 4718, Time: 00:04:57

Health: -1/46      AC:  1    Str: 15    XL:     7   Next: 27%
Magic:  17/17      EV: 12    Int: 10    God:    Makhleb [*.....]
Gold:   264        SH:  8    Dex: 14    Spells: 6/6 levels left

rFire   . . .        e - +1 whip (venom)
rCold   + . .        v - +0 kite shield
rNeg    . . .        (helmet restricted)
rPois   .            (no amulet)
rElec   .            d - ring of magical power
rCorr   .            u - ring of protection from cold
SInv    +            j - ring of see invisible
Will    .....        (no ring)
Stlth   ++           (no ring)
HPRegen 0.27/turn    (no ring)
MPRegen 0.15/turn    (no ring)
                     (no ring)

%: no passive effects
@: no status effects
A: almost no armour, amphibious, 8 rings, camouflage 1, gelatinous body 1,
(nimble swimmer 1), tentacles
a: Renounce Religion


You were on level 5 of the Dungeon.
You worshipped Makhleb.
Makhleb was aware of your devotion.
You visited 1 branch of the dungeon, and saw 6 of its levels.

You collected 264 gold pieces.

Inventory:

Hand Weapons
 a - a +0 war axe
 e - a +1 whip of venom (weapon)
Missiles
 l - 9 poisoned darts
Armour
 b - a +0 buckler
 v - a +0 kite shield (worn)
Jewellery
 d - a ring of magical power (left tentacle)
 j - a ring of see invisible (on tentacle)
 u - a ring of protection from cold (right tentacle)
Wands
 o - a wand of flame (1) (quivered)
Scrolls
 g - 3 scrolls of identify {unknown}
 i - 2 scrolls of fog {unknown}
 n - a scroll of blinking {unknown}
 p - 4 scrolls of poison {unknown}
 q - a scroll of noise {unknown}
 r - a scroll of silence {unknown}
 t - a scroll of immolation {unknown}
 w - a scroll of teleportation {unknown}
Potions
 c - a potion of might
 f - a potion of heal wounds {unknown}
 h - 2 potions of degeneration {unknown}
 k - a potion of mutation {unknown}
 m - a potion of curing {unknown}
 s - a potion of attraction {unknown}


   Skills:
 + Level 3.1 Fighting
 * Level 7.2 Axes
 - Level 3.0 Dodging
 * Level 3.1 Shields
 * Level 2.4 Invocations


You had 6 spell levels left.
You didn't know any spells.
Your spell library contained the following spells:

 Spells                   Type           Power      Damage    Failure   Level
 Magic Dart               Conj           0%         1d3       75%         1
 Call Imp                 Summ           0%         N/A       87%         2
 Poisonous Vapours        Pois/Air       0%         N/A       87%         2
 Inner Flame              Hex/Fire       0%         N/A       98%         3
 Mephitic Cloud           Conj/Pois/Air  0%         N/A       98%         3
 Tukima's Dance           Hex            0%         N/A       98%         3
 Flame Wave               Conj/Fire      0%         2d4       100%        4
 Passage of Golubria      Tloc           0%         N/A       100%        4
 Sticky Flame             Conj/Fire      0%         2d3       100%        4
 Freezing Cloud           Conj/Ice/Air   0%         6-21      100%        5
 Yara's Violent Unravell  Hex/Tmut       0%         3d3       100%        5


Dungeon Overview and Level Annotations

Branches:
Dungeon (6/15)
 Temple: D:4-7

Altars:
Makhleb
Yredelemnul
Zin


Innate Abilities, Weirdness & Mutations

You cannot wear most types of armour.
You are amphibious.
You can wear up to eight rings at the same time.
Your skin changes colour to match your surroundings (Stealth+).
Your rubbery body absorbs attacks. (AC +1, EV +1)
((You are camouflaged when in or above water. (Stealth+)))
You have tentacles for arms and can constrict up to eight enemies at once.


Message History

The phantom hits you.
You hit the phantom. You squeeze the phantom.
The phantom is heavily damaged.
The phantom closely misses you.
You hit the phantom but do no damage.
The phantom is heavily damaged.
You block the phantom's attack.
You hit the phantom. You squeeze the phantom.
You destroy the phantom!
Makhleb accepts your kill.
Your Axes skill increases to level 7!
No target in view!
No target in view!
No target in view!
HP restored.
Done exploring.
You climb downwards.
The adder bites you. You block the gnoll's attack.
The gnoll hits you with a +0 flail! The gnoll hits you with a +0 club.
The sky beast hits you. The sky beast shocks you. You block the adder's attack.
There is a stone staircase leading up, spattered with blood here.
You block the gnoll's attack. The gnoll barely misses you.
You block the gnoll's attack. The sky beast hits you. The sky beast shocks you.
The adder bites you.
You climb upwards.
There is a stone staircase leading down here.
Unknown command.
Okay, then.
The gnoll hits you with a +0 club.
* * * LOW HITPOINT WARNING * * *
The gnoll hits you with a +0 flail.
* * * LOW HITPOINT WARNING * * *
You block the gnoll's attack. The gnoll completely misses you.
The sky beast flickers out of sight for a moment.
The adder closely misses you. The adder attacks as it pursues you!
The adder barely misses you. The adder attacks as it pursues you!
You block the adder's attack. The gnoll barely misses you.
The gnoll attacks as it pursues you! The gnoll hits you with a +0 flail!
You die...

##...............#
##...............#
#................#
#......####+###..#
#......##...###..#
#..g.........#...#
#.>..........+...#
#....g.##...###..#
#..Y.S@##+#####..#
#....g...........#
#................#
#................#
##
#......##...##...#
.##
#......##...##..[#
..#
#...........##...#
..#
#...........+....#
.######
#......#######...#


You could see a sky beast (invisible), 3 gnolls and an adder.

Vanquished Creatures
  2 phantoms
  A scorpion (D:5)
  2 hounds
  Terence (D:2)
  3 iguanas
  2 adders
  8 gnolls
  An ufetubus (D:3)
  A worm (D:2)
  2 dart slugs (D:1)
  7 orcs
  7 endoplasms
  2 giant cockroaches
  4 goblins
  6 hobgoblins
  3 quokkas
  6 ball pythons
  2 bats
  A frilled lizard (D:3)
  6 kobolds
  4 rats
71 creatures vanquished.

Notes
Turn   | Place    | Note
-------+----------+-------------------------------------------
     0 | D:1      | Kurtz the Octopode Fighter began the quest for the Orb.
     0 | D:1      | Reached XP level 1. HP: 16/16 MP: 1/1
   181 | D:1      | Reached XP level 2. HP: 19/21 MP: 2/2
   244 | D:1      | Reached skill level 3 in Axes
   852 | D:2      | Reached XP level 3. HP: 26/26 MP: 3/3
   904 | D:2      | Noticed Terence
   912 | D:2      | Killed Terence
   913 | D:2      | Reached skill level 4 in Axes
  1290 | D:2      | Reached XP level 4. HP: 25/31 MP: 4/4
  1773 | D:3      | Found a burning altar of Makhleb.
  1775 | D:3      | Found a glowing silver altar of Zin.
  1775 | D:3      | Noticed an angel
  1776 | D:3      | Noticed a green death
  1781 | D:3      | Became a worshipper of Makhleb the Destroyer
  2336 | D:3      | Reached skill level 5 in Axes
  2336 | D:3      | Reached XP level 5. HP: 36/36 MP: 5/5
  2419 | D:4      | Noticed a phantom
  2429 | D:4      | Killed a phantom
  2430 | D:4      | Reached skill level 1 in Invocations
  2572 | D:4      | Reached XP level 6. HP: 38/42 MP: 7/7
  2750 | D:3      | Reached skill level 6 in Axes
  2957 | D:4      | Found a basalt altar of Yredelemnul.
  3987 | D:5      | Entered Level 5 of the Dungeon
  4071 | D:5      | Reached * piety under Makhleb
  4232 | D:5      | Reached XP level 7. HP: 46/46 MP: 8/8
  4695 | D:5      | Reached skill level 7 in Axes
  4718 | D:5      | Slain by a gnoll

Illustrated notes

Levels and vault maps discovered:
D:1:      scummos_arrival_checkerplants, layout_loops_ring
D:2:      layout_basic, uniq_terence
D:3:      layout_rooms, grunt_temple_overflow_order_and_chaos_2
D:4:      layout_cave_pods, mainiacjoe_overflow_cross_hatched,
          hangedman_decor_diamond_cutter, minmay_misc_feat_cross
D:5:      layout_gridville
D:6:      cheibrodos_steamvent, layout_basic, okawaru_altar_gauntlet_db,
          gammafunk_ghost_hive

Skill      XL: |  1  2  3  4  5  6  7 |
---------------+----------------------+-----
Axes           | 3 4 5 6 7 |  7.2
Invocations    | 1 2 |  2.4
Fighting       | |  3.1
Dodging        | |  3.0
Shields        | |  3.1

Action                     |  1- 3 |  4- 6 |  7- 9 || total
---------------------------+-------+-------+-------++-------
  Melee: War axe           |    45 |    46 |       ||    91
         Constrict         |    10 |    26 |     1 ||    37
         Tentacles         |    12 |    23 |     6 ||    41
         Whip              |       |    52 |    12 ||    64
  Throw: Dart              |       |     5 |       ||     5
  Evoke: Wand              |       |    13 |       ||    13
    Use: Potion            |       |     1 |       ||     1
   Stab: Sleeping          |     5 |     1 |       ||     6
 Armour: Skin              |    17 |    57 |    16 ||    90
  Dodge: Dodged            |    19 |    53 |     8 ||    80
  Block: Buckler           |     7 |    26 |       ||    33
         Kite shield       |       |     1 |    10 ||    11

Table legend: (Time is in decaauts)
 A = Elapsed time spent in this place.
 B = Non-inter-level travel time spent in this place.
 C = Inter-level travel time spent in this place.
 D = Time resting spent in this place.
 E = Time spent auto-exploring this place.
 F = Levels seen in this place.
 G = Mean time per level.
                   A        B        C        D        E       F      G
               +--------+--------+--------+--------+--------+-----+--------+
         Total |   4762 |   4434 |    328 |   1053 |   2718 |   6 |  793.7 |
       Dungeon |   4762 |   4434 |    328 |   1053 |   2718 |   6 |  793.7 |
               +--------+--------+--------+--------+--------+-----+--------+

Top non-repeatable levels by time:
     D:4: 1341 daAuts
     D:2: 1095 daAuts
     D:3: 858 daAuts
     D:1: 735 daAuts
     D:5: 724 daAuts
     D:6: 7 daAuts
